 Dungeon Crawl Stone Soup version 0.29.1-15-g9cfb28693d (webtiles) character file.

Game seed: 5041701893394893361

130 GeoRichter the Cutter (level 4, 0/35 HPs)
             Began as a Demonspawn Monk on Apr 25, 2023.
             Was a Believer of Wu Jian.
             Slain by a centaur (3 damage)
             ... on level 4 of the Dungeon.
             The game lasted 00:04:01 (2604 turns).

GeoRichter the Cutter (Demonspawn Monk)             Turns: 2604, Time: 00:04:02

Health: 0/35       AC:  5    Str: 11    XL:     4   Next: 89%
Magic:  4/4        EV: 11    Int: 12    God:    Wu Jian [**....]
Gold:   68         SH:  0    Dex: 17    Spells: 3/3 levels left

rFire   . . .      SeeInvis .   l - +0 dagger
rCold   . . .      Faith    .   (no shield)
rNeg    . . .      Spirit   .   u - +0 ring mail
rPois   .          Reflect  .   (no helmet)
rElec   .          Harm     .   (no cloak)
rCorr   .          Rampage  .   (no gloves)
Will    .....                   (no boots)
Stlth   +.........              (no amulet)
HPRegen 0.11/turn               r - ring of wizardry
MPRegen 0.09/turn               (no ring)

@: no status effects
A: powered by pain 2, demonic touch 1
a: Renounce Religion, Wall Jump


You were on level 4 of the Dungeon.
You worshipped Wu Jian.
Wu Jian was pleased with you.
You visited 1 branch of the dungeon, and saw 4 of its levels.

You collected 110 gold pieces.
You spent 42 gold pieces at shops.

Inventory:

Hand Weapons
 a - a +0 falchion
 l - a +0 dagger (weapon)
   (You took it off a goblin on level 1 of the Dungeon)
Missiles
 e - 3 boomerangs of dispersal {!f}
 g - 3 poisoned darts (quivered)
Armour
 b - a +0 robe
 u - a +0 ring mail (worn)
   (You found it on level 2 of the Dungeon)
Jewellery
 r - a ring of wizardry (left hand)
   (You found it on level 2 of the Dungeon)
Scrolls
 d - 4 scrolls of teleportation {unknown}
 f - 2 scrolls of enchant weapon {unknown}
 i - 5 scrolls of identify {unknown}
 k - a scroll of magic mapping {unknown}
 o - 2 scrolls of poison {unknown}
 p - 2 scrolls of blinking {unknown}
 s - a scroll of amnesia {unknown}
 t - a scroll of summoning {unknown}
 w - 2 scrolls of fear {unknown}
Potions
 c - a potion of ambrosia
 h - 2 potions of flight {unknown}
 j - 4 potions of degeneration {unknown}
 m - 4 potions of curing {@q1}
 n - 3 potions of heal wounds {unknown}
 q - a potion of attraction {unknown}
 v - 2 potions of lignification {unknown}
 x - a potion of haste {unknown}


   Skills:
 - Level 3.2 Fighting
 * Level 3.7(4.3) Short Blades
 - Level 3.1(4.0) Long Blades
 - Level 2.6 Dodging
 - Level 1.7 Stealth


You had 3 spell levels left.
You didn't know any spells.
Your spell library contained the following spells:

 Spells                   Type           Power      Damage    Failure   Level
 Shock                    Conj/Air       0%         1d3       32%         1
 Conjure Flame            Conj/Fire      0%         6-21      65%         3
 Ignite Poison            Fire/Tmut/Pois 0%         N/A       65%         3
 Swiftness                Air            0%         N/A       65%         3
 Airstrike                Air            0%         2d(0-16)  95%         4
 Sticky Flame             Conj/Fire      0%         2d3       95%         4


Dungeon Overview and Level Annotations

Branches:
Dungeon (4/15) Zot: 21414
 Temple: D:4-7

Altars:
Fedhas
Kikubaaqudgha
Wu Jian

Shops:
D:1 !   D:2 [


Innate Abilities, Weirdness & Mutations

You sometimes gain power by taking damage.
Your touch may inflict minor irresistible damage on your foes.


Message History

The kobold shouts!
The kobold throws a stone.
The stone hits you but does no damage.
You hit the kobold but do no damage. The kobold barely misses you.
You closely miss the kobold. Your touch misses the kobold.
The kobold hits you with a +0 dagger.
You hit the kobold but do no damage.
You touch the kobold.
You kill the kobold!
The Council accepts your kill.
No target in view!
No target in view!
x - a coppery potion
w - 2 scrolls labelled PIGRYB ALIRIFIUK (gained 1)
Things that are here:
a +0 dagger; 11 stones; a +0 robe
Things that are here:
a +0 dagger; 11 stones; a +0 robe Key pressed, stopping explore.
Done exploring.
Done exploring.
Done exploring.
Done exploring.
Done exploring.
Done exploring.
There is a stone staircase leading down here.
You climb downwards.
Found a scroll labelled TAUGAP DATE, 7 stones and a dagger.
There is a stone staircase leading up here.
o - 2 scrolls labelled TAUGAP DATE (gained 1)
You see here a +0 dagger.
Found two items.
Found 2 gold pieces.
A centaur comes into view.
Found a stone staircase leading down.
The centaur shouts!
You hear a shout!
The centaur wields a +0 shortbow.
The centaur shoots an arrow.
The arrow hits you.
The centaur shoots an arrow.
The arrow barely misses you.
The centaur shoots an arrow.
The arrow hits you!
The centaur shoots an arrow.
The arrow hits you!
* * * LOW HITPOINT WARNING * * *
The centaur unwields a +0 shortbow.
The centaur closely misses you. The centaur barely misses you.
You hit the centaur.
A goblin comes into view. It is wielding a +0 dagger.
The centaur hits you.
* * * LOW HITPOINT WARNING * * *
The centaur misses you.
The goblin shouts!
You hit the centaur but do no damage. The centaur hits you.
You die...

#.......#
############.......#####
#........).......#......
#........######..#......
.............(.....:...>
########...........?###.
#............#
#<...........#
########@.#$## #c.#.#
#..#.# #..#.# #..# g...
.### .


You could see a centaur and a goblin.

Vanquished Creatures
  Jessica (D:2)
  5 adders
  A worm (D:3)
  A dart slug (D:3)
  3 endoplasms
  4 giant cockroaches
  7 hobgoblins
  4 jackals (D:2)
  5 kobolds
  A quokka (D:3)
  5 ball pythons
  7 bats
  4 frilled lizards
  2 goblins
  2 rats (D:1)
52 creatures vanquished.

Vanquished Creatures (others)
  2 plants (D:3)
2 creatures vanquished.

Grand Total: 54 creatures vanquished

Notes
Turn   | Place    | Note
-------+----------+-------------------------------------------
     0 | D:1      | GeoRichter the Demonspawn Monk began the quest for the Orb.
     0 | D:1      | Reached XP level 1. HP: 18/18 MP: 1/1
    49 | D:1      | Found Dotogrong's Distillery.
   141 | D:1      | Gained mutation: Your touch may inflict minor irresistible
                  | damage on your foes. [demonic ancestry]
   141 | D:1      | Reached XP level 2. HP: 23/24 MP: 2/2
   372 | D:1      | Found a faded altar of an unknown god.
   520 | D:1      | Bought a potion of curing for 42 gold pieces
   780 | D:2      | Reached skill level 1 in Short Blades
   853 | D:2      | Gained mutation: You sometimes gain a little power by
                  | taking damage. [demonic ancestry]
   853 | D:2      | Reached XP level 3. HP: 20/29 MP: 3/3
   982 | D:2      | Found Payrgh's Antique Armour Boutique.
  1115 | D:2      | You fall into a shaft and drop 2 floors!
  1387 | D:2      | Noticed Jessica
  1402 | D:2      | Killed Jessica
  1403 | D:2      | Gained mutation: You sometimes gain power by taking damage.
                  | [demonic ancestry]
  1403 | D:2      | Reached XP level 4. HP: 15/35 MP: 4/4
  1620 | D:2      | Found an ornate altar of the Wu Jian Council.
  1641 | D:2      | Became a worshipper of the Wu Jian Council
  1641 | D:2      | Reached * piety under Wu Jian
  1641 | D:2      | Reached ** piety under Wu Jian
  1901 | D:3      | Found a blossoming altar of Fedhas.
  2187 | D:3      | Found an ancient bone altar of Kikubaaqudgha.
  2598 | D:4      | Noticed a centaur
  2604 | D:4      | Slain by a centaur

Illustrated notes

Levels and vault maps discovered:
D:1:      tarquinn_simple_flora_water_a, layout_rooms, serial_shops, shop,
          hellmonk_ecumenical_altar_crossroads
D:2:      layout_loops_ring, serial_shops, nicolae_lakefront_shop, basic_altar,
          grunt_decor_fettered, uniq_jessica
D:3:      layout_loops_ring, kiku_gazebo_pond_becter, fedhas_ov_isle_minmay
D:4:      layout_basic, mainiacjoe_overflow_tiny_flanked,
          overflow_temple_1_default, saegor_snake_ambush

Skill      XL: |  1  2  3 |
---------------+----------+-----
Long Blades    | 3 |  3.1
Short Blades   | 1 3 |  3.7
Fighting       | |  3.2
Dodging        | |  2.6
Stealth        | |  1.7

Action                   |  1- 3 |  4- 6 || total
-------------------------+-------+-------++-------
Melee: Falchion          |    18 |       ||    18
       Dagger            |    75 |    66 ||   141
       Touch             |    14 |    16 ||    30
       Punch             |     1 |       ||     1
Throw: Dart              |     7 |       ||     7
Invok: Lunge             |       |     6 ||     6
 Stab: Sleeping          |     4 |       ||     4
Armor: Robe              |    21 |     1 ||    22
       Ring mail         |       |    10 ||    10
Dodge: Dodged            |    58 |    29 ||    87
